Map: Frostline LE

Players

AutumZerg

  • Race: Zerg Zerg
  • League: Platinum
  • Spawn Location: 1:00

A.I. 1 (Very Easy)

  • Race: Terran Terran
  • Spawn Location: 7:00

VOD

Have the link to the VOD?

Description

Time

  • Played on: March 4, 2025, 4:04 a.m.
  • Length: 6:00
Show
View Real Time Build Order
Export as new Build Order

AutumZerg Zerg 

Build Orders: Hatch First 

Get SALT Encoding   

  12  0:00  Drone  
  13  0:08  Drone  
  13  0:14  Extractor  
  13  0:15  Drone  
  15  0:35  Hatchery  
  14  0:40  Extractor  
  14  0:41  Drone  
  15  0:46  Overlord  
  15  1:01  Spawning Pool  
  14  1:04  Drone  
  14  1:09  Drone  
  16  1:12  Drone  
  16  1:16  Drone  
  18  1:26  Drone  
  18  1:31  Extractor  
  18  1:38  Drone  
  19  1:48  Queen x2  
  19  1:50  Zergling x2  
  24  1:54  Zergling x2  
  24  2:00  Overlord  
  25  2:04  Drone  
  25  2:08  Drone  
  27  2:11  Drone  
  28  2:19  Drone  
  28  2:20  Drone  
  30  2:27  Queen  
  32  2:33  Overlord  
  32  2:35  Drone  
  33  2:40  Overlord  
  33  2:43  Drone  
  34  2:51  Drone  
  34  2:53  Drone  
  36  2:58  Lair  
  36  3:00  Drone x2  
  36  3:02  Drone  
  39  3:14  Roach Warren  
  39  3:15  Drone  
  39  3:18  Drone x2  
  39  3:19  Evolution Chamber  
  40  3:22  Drone  
  40  3:26  Drone x2  
  43  3:32  Drone x3  
  46  3:34  Extractor  
  46  3:35  Drone  
  46  3:36  Extractor  
  46  3:38  Drone  
  46  3:40  Drone  
  47  3:41  Drone  
  47  3:43  Drone  
  47  3:46  Zerg Missile Weapons Level 1  
  49  3:55  Glial Reconstitution  
  49  3:59  Roach  
  51  4:03  Overlord x2  
  51  4:04  Overlord  
  51  4:09  Overlord  
  51  4:17  Overlord  
  51  4:21  Roach  
  51  4:22  Roach x3  
  51  4:24  Roach  
  61  4:27  Roach  
  61  4:29  Roach  
  61  4:30  Roach  
  67  4:35  Roach x2  
  71  4:42  Roach x3  
  71  4:45  Roach  
  79  4:47  Roach  
  81  4:54  Overlord  
  81  4:56  Roach x2  
  81  4:58  Roach  
  87  5:02  Ravager  
  88  5:07  Roach  
  88  5:10  Overlord  
  88  5:12  Overlord  
  90  5:14  Roach  
  90  5:15  Roach  
  90  5:20  Roach  
  96  5:21  Roach  
  96  5:23  Roach  
  100  5:30  Ravager  
  100  5:33  Zergling x8  
  105  5:39  Roach  
  105  5:40  Roach x2  
Show
View Real Time Build Order
Export as new Build Order

A.I. 1 (Very Easy) Terran 

Build Orders: Reaper Expand 

Get SALT Encoding   

  12  0:00  SCV  
  13  0:13  SCV  
  14  0:18  Supply Depot  
  14  0:40  Barracks  
  14  1:02  Command Center  
  14  1:27  Marine  
  14  1:29  Supply Depot  
  14  1:30  Orbital Command  
  15  1:35  Refinery  
  15  1:48  Refinery  
  15  1:56  SCV  
  16  2:08  SCV  
  17  2:14  SCV  
  18  2:16  Reaper  
  18  2:21  SCV  
  20  2:28  SCV  
  21  2:35  SCV  
  22  2:42  SCV  
  23  2:46  Refinery  
  23  2:49  SCV  
  24  2:57  SCV  
  25  3:01  Marine  
  25  3:04  SCV  
  27  3:11  Factory, SCV  
  28  3:34  Refinery  
  28  3:36  SCV  
  29  3:43  SCV  
  29  3:47  Marine  
  31  3:50  SCV  
  31  3:54  Supply Depot  
  32  3:56  Starport  
  32  3:57  SCV  
  33  4:04  SCV  
  34  4:12  SCV  
  35  4:19  SCV  
  36  4:26  SCV  
  37  4:33  Marine, Starport Tech Lab, SCV  
  37  4:34  Supply Depot  
  39  4:40  SCV  
  40  4:48  SCV  
  41  4:53  Raven  
  41  4:55  SCV  
  44  5:02  SCV  
  45  5:09  SCV  
  46  5:17  SCV  
  46  5:18  Marine  
  50  5:41  Supply Depot  
Tags
 
Add a new tag
Caveats
  • Supply blocks, unpowered buildings, or Contaminate may cause inaccurate times.
  • Supply counts are checked every 10 seconds.